 Dungeon Crawl Stone Soup version 0.28.0-53-g5a82cb258f (webtiles) character file.

Game seed: 6020344681177683001

194 firemarshallily the Sneak (level 5, -5/41 HPs)
             Began as a Gnoll Wanderer on July 7, 2022.
             Was an Initiate of Ashenzari.
             Slain by a worm (6 damage)
             ... on level 4 of the Dungeon.
             The game lasted 00:10:37 (3437 turns).

firemarshallily the Sneak (Gnoll Wanderer)          Turns: 3437, Time: 00:10:37

Health: -5/41      AC:  5    Str: 13    XL:     5   Next: 73%
Magic:  9/9        EV: 11    Int:  8    God:    Ashenzari [......]
Gold:   76         SH:  5    Dex: 15    Spells: 9/10 levels left

rFire   . . .      SeeInvis .   a - +2 falchion
rCold   . . .      Faith    .   l - +1 buckler
rNeg    . . .      Spirit   .   c - +0 leather armour
rPois   +          Reflect  .   (no helmet)
rElec   .          Harm     .   k - +0 cloak "Seeker of the Sphere" {Range, Melee} (curse)
rCorr   .          Rampage  .   (no gloves)
Will    .....      Rnd*Tele +   b - +0 pair of boots
Stlth   +++.......              (no amulet)
HPRegen 0.13/turn               (no ring)
MPRegen 0.11/turn               (no ring)

@: hasted, very quick
A: fangs 1, strong nose, distributed training, deterioration 1, poison
resistance, teleportitis 1
a: Renounce Religion, Shatter the Chains


You were on level 4 of the Dungeon.
You worshipped Ashenzari.
Ashenzari was noncommittal.
You visited 1 branch of the dungeon, and saw 4 of its levels.

You collected 209 gold pieces.
You spent 133 gold pieces at shops.

Inventory:

Hand Weapons
 a - a +2 falchion (weapon)
Armour
 b - a +0 pair of boots (worn)
 c - a +0 leather armour (worn)
 i - a +0 ring mail
 k - the cursed +0 cloak "Seeker of the Sphere" (worn) {Range, Melee}
   (You found it on level 3 of the Dungeon)

   It has a curse which improves the following skills: Ranged Combat: Slings,
   Bows, Crossbows and Throwing.
   Melee Combat: Short Blades, Long Blades, Axes, Maces & Flails, Polearms,
   Staves and Unarmed Combat.
 l - a +1 buckler (worn)
Scrolls
 h - a scroll of torment
Potions
 d - 2 potions of brilliance
 e - 2 potions of degeneration {unknown}
 f - a potion of might {unknown}
 g - a potion of berserk rage {unknown}
 m - 2 potions of cancellation {unknown}


   Skills:
 + Level 3.0 Fighting
 + Level 1.6(2.0) Short Blades
 + Level 4.8(5.2) Long Blades
 + Level 1.6(2.0) Axes
 + Level 1.6(2.0) Maces & Flails
 + Level 1.6(2.0) Polearms
 + Level 1.6(2.0) Staves
 + Level 1.6(2.0) Slings
 + Level 1.6(2.0) Bows
 + Level 1.6(2.0) Crossbows
 + Level 1.6(2.0) Throwing
 + Level 1.6 Armour
 + Level 1.6 Dodging
 + Level 6.2 Stealth
 + Level 1.6 Shields
 + Level 1.6(2.0) Unarmed Combat
 + Level 3.2 Spellcasting
 + Level 1.3 Conjurations
 + Level 1.3 Hexes
 + Level 1.3 Summonings
 + Level 1.3 Necromancy
 + Level 1.3 Translocations
 + Level 1.3 Transmutations
 + Level 4.0 Fire Magic
 + Level 1.3 Ice Magic
 + Level 1.3 Air Magic
 + Level 1.3 Earth Magic
 + Level 1.3 Poison Magic
 + Level 1.8 Invocations
 + Level 3.0 Evocations


You had 9 spell levels left.
You knew the following spells:

 Your Spells              Type           Power      Damage    Failure   Level
a - Foxfire               Conj/Fire      20%        2x1d5     19%         1

Your spell library contained the following spells:

 Spells                   Type           Power      Damage    Failure   Level
 Slow                     Hex            12%        N/A       32%         1
 Sublimation of Blood     Necr           3%         N/A       43%         2
 Conjure Flame            Conj/Fire      5%         6-21      50%         3
 Inner Flame              Hex/Fire       5%         N/A       50%         3
 Confusing Touch          Hex            3%         N/A       67%         3
 Vampiric Draining        Necr           3%         2d6       67%         3
 Flame Wave               Conj/Fire      5%         2d5       88%         4
 Petrify                  Tmut/Erth      3%         N/A       97%         4
 Irradiate                Conj/Tmut      1%         3d14      100%        5


Dungeon Overview and Level Annotations

Branches:
Dungeon (4/15)
 Temple: D:4-7

Altars:
Ashenzari

Shops:
D:1 !   D:2 *

Annotations:
D:4 Eustachio


Innate Abilities, Weirdness & Mutations

You have very sharp teeth.
Your uncanny sense of smell can sniff out nearby items.
Your experience applies equally to all skills.
Your body sometimes deteriorates upon taking damage.
Your system is resistant to poisons. (rPois)
You are occasionally teleported next to monsters.


Message History

The phantom closely misses you.
You miss the phantom. You bite the phantom, but do no damage.
The phantom is lightly damaged.
The phantom hits you.
* * * LOW HITPOINT WARNING * * *
You hit the phantom.
The phantom is moderately damaged.
The phantom misses you.
You hit the phantom.
The phantom is moderately damaged.
You hit the phantom.
The phantom is moderately damaged.
The phantom barely misses you.
You miss the phantom.
The phantom is moderately damaged.
You feel strangely unstable.
You are yanked towards some nearby monsters!
Your surroundings suddenly seem different.
Eustachio, a worm and an iguana come into view.
Found 18 arrows and a scroll labelled YXYOFA FISA.
Found an escape hatch in the floor.
Eustachio shouts!
Okay, then.
The iguana hisses angrily.
You hit Eustachio.
Eustachio is lightly wounded.
You slash Eustachio!
Eustachio is moderately wounded.
Eustachio hits you with a +0 rapier.
* * * LOW HITPOINT WARNING * * *
The worm barely misses you.
You slash Eustachio!
Eustachio is heavily wounded.
Eustachio hits you but does no damage.
You closely miss Eustachio.
Eustachio is heavily wounded.
Eustachio hits you with a +0 rapier!
* * * LOW HITPOINT WARNING * * *
The worm bites you.
You die...

....# ..#
....## #..
###....##..#
#......>...#
#..........#
##.........#
#.......l..#
#.....w...##
#..(...@@..#
##........?#
##........#
#....###.#
###.## ..#
## ##


You could see Eustachio, a worm and an iguana.

Vanquished Creatures
  A howler monkey (D:4)
  An orc wizard (D:3)
  A gnoll (D:1)
  3 adders
  A white imp (D:3)
  A worm (D:2)
  3 dart slugs
  3 orcs (D:3)
  4 bats (D:1)
  6 endoplasms
  A giant cockroach (D:3)
  5 goblins
  A hobgoblin (D:1)
  5 jackals (D:1)
  4 kobolds
  3 quokkas
  7 ball pythons
  3 frilled lizards
  5 rats
58 creatures vanquished.

Vanquished Creatures (others)
  An orc wizard (D:3)
  7 foxfires (D:3)
8 creatures vanquished.

Grand Total: 66 creatures vanquished

Notes
Turn   | Place    | Note
-------+----------+-------------------------------------------
     0 | D:1      | firemarshallily the Gnoll Wanderer began the quest for the
                  | Orb.
     0 | D:1      | firemarshallily set off with the following items: a +2
                  | falchion, a +0 pair of boots, a +0 leather armour; and the
                  | following spell memorised: Foxfire; and the following
                  | spells available to memorise: Inner Flame
     0 | D:1      | Reached XP level 1. HP: 17/17 MP: 4/4
    36 | D:1      | Found a faded altar of an unknown god.
    68 | D:1      | Reached XP level 2. HP: 6/23 MP: 5/5
   330 | D:1      | Prayed at the altar of an unknown god.
   330 | D:1      | Became a worshipper of Ashenzari the Shackled
   464 | D:1      | Reached XP level 3. HP: 4/28 MP: 7/7
   753 | D:1      | Found Foves's Distillery.
   762 | D:1      | Bought a potion of heal wounds for 70 gold pieces
   942 | D:1      | Reached skill level 6 in Stealth
   973 | D:1      | Reached skill level 1 in Invocations
  1189 | D:1      | Gained mutation: You have hidden genetic defects. [potion
                  | of mutation]
  1189 | D:1      | Gained mutation: Your system is resistant to poisons.
                  | (rPois) [potion of mutation]
  1416 | D:2      | Found Ixzai's General Store.
  1438 | D:2      | Bought a +0 buckler for 63 gold pieces
  1592 | D:2      | Reached skill level 1 in Short Blades
  1592 | D:2      | Reached skill level 1 in Axes
  1592 | D:2      | Reached skill level 1 in Maces & Flails
  1592 | D:2      | Reached skill level 1 in Polearms
  1592 | D:2      | Reached skill level 1 in Staves
  1592 | D:2      | Reached skill level 1 in Slings
  1592 | D:2      | Reached skill level 1 in Bows
  1592 | D:2      | Reached skill level 1 in Crossbows
  1592 | D:2      | Reached skill level 1 in Throwing
  1592 | D:2      | Reached skill level 1 in Armour
  1592 | D:2      | Reached skill level 1 in Dodging
  1592 | D:2      | Reached skill level 1 in Shields
  1592 | D:2      | Reached skill level 1 in Unarmed Combat
  1606 | D:2      | Gained mutation: You are occasionally teleported next to
                  | monsters. [hidden defects]
  2182 | D:2      | Reached XP level 4. HP: 34/34 MP: 8/8
  2326 | D:2      | Gained mutation: Your body sometimes deteriorates upon
                  | taking damage. [hidden defects]
  2326 | D:2      | Lost mutation: You have hidden genetic defects. [hidden
                  | defects expressed]
  2594 | D:3      | Reached skill level 1 in Conjurations
  2594 | D:3      | Reached skill level 1 in Hexes
  2594 | D:3      | Reached skill level 1 in Summonings
  2594 | D:3      | Reached skill level 1 in Necromancy
  2594 | D:3      | Reached skill level 1 in Translocations
  2594 | D:3      | Reached skill level 1 in Transmutations
  2594 | D:3      | Reached skill level 1 in Ice Magic
  2594 | D:3      | Reached skill level 1 in Air Magic
  2594 | D:3      | Reached skill level 1 in Earth Magic
  2594 | D:3      | Reached skill level 1 in Poison Magic
  2600 | D:3      | Reached XP level 5. HP: 29/40 MP: 9/9
  3407 | D:4      | Noticed a phantom
  3432 | D:4      | Noticed Eustachio
  3437 | D:4      | HP: 1/41 [Eustachio/+0 rapier (7)]
  3437 | D:4      | Slain by a worm

Illustrated notes

Levels and vault maps discovered:
D:1:      psy_arrival_dodecagon, layout_rooms, serial_shops,
          nicolae_lakefront_shop, nicolae_ecumenical_snake_handling
D:2:      layout_loops_ring, serial_shops, shop
D:3:      layout_rooms
D:4:      layout_cave_pods, portal_sewer_entry_f, uniq_eustachio

Skill      XL: |  1  2  3  4  5 |
---------------+----------------+-----
Stealth        | 6 |  6.2
Invocations    | 1 |  1.8
Short Blades   | 1 |  1.6
Axes           | 1 |  1.6
Maces & Flails | 1 |  1.6
Polearms       | 1 |  1.6
Staves         | 1 |  1.6
Slings         | 1 |  1.6
Bows           | 1 |  1.6
Crossbows      | 1 |  1.6
Throwing       | 1 |  1.6
Armour         | 1 |  1.6
Dodging        | 1 |  1.6
Shields        | 1 |  1.6
Unarmed Combat | 1 |  1.6
Spellcasting   | 3 |  3.2
Conjurations   | 1 |  1.3
Hexes          | 1 |  1.3
Summonings     | 1 |  1.3
Necromancy     | 1 |  1.3
Translocations | 1 |  1.3
Transmutations | 1 |  1.3
Ice Magic      | 1 |  1.3
Air Magic      | 1 |  1.3
Earth Magic    | 1 |  1.3
Poison Magic   | 1 |  1.3
Fighting       | 3 |  3.0
Evocations     | 3 |  3.0
Fire Magic     | 4 |  4.0
Long Blades    | |  4.8

Action                   |  1- 3 |  4- 6 || total
-------------------------+-------+-------++-------
Melee: Falchion          |    94 |    83 ||   177
       Bite              |    15 |    10 ||    25
       Punch             |     2 |       ||     2
 Cast: Foxfire           |       |     4 ||     4
Invok: Curse Item        |       |     1 ||     1
  Use: Scroll            |     5 |       ||     5
       Potion            |     1 |     5 ||     6
 Stab: Sleeping          |     4 |     8 ||    12
       Distracted        |     2 |       ||     2
Armor: Leather armour    |    34 |    25 ||    59
Dodge: Dodged            |    54 |    26 ||    80
Block: Buckler           |     5 |     9 ||    14
